 Dungeon Crawl Stone Soup version 0.28.0-53-g5a82cb258f (webtiles) character file.

Game seed: 14904175925880789580

102 safid the Skirmisher (level 4, -1/42 HPs)
             Began as a Hill Orc Fighter on Aug 15, 2022.
             Slain by an iguana (10 damage)
             ... on level 4 of the Dungeon.
             The game lasted 00:01:33 (1006 turns).

safid the Skirmisher (Hill Orc Fighter)             Turns: 1006, Time: 00:01:34

Health: -1/42      AC:  7    Str: 20    XL:     4   Next: 78%
Magic:  4/4        EV:  9    Int:  8    God:
Gold:   39         SH:  4    Dex: 10    Spells: 3/3 levels left

rFire   . . .      SeeInvis .   a - +0 rapier
rCold   . . .      Faith    .   c - +0 buckler
rNeg    . . .      Spirit   .   b - +0 scale mail
rPois   .          Reflect  .   (no helmet)
rElec   .          Harm     .   (no cloak)
rCorr   .          Rampage  .   (no gloves)
Will    .....                   (no boots)
Stlth   ..........              (no amulet)
HPRegen 0.14/turn               (no ring)
MPRegen 0.09/turn               (no ring)

@: no status effects
A: no striking features
a: no special abilities


You were on level 4 of the Dungeon.
You visited 1 branch of the dungeon, and saw 3 of its levels.

You collected 39 gold pieces.

Inventory:

Hand Weapons
 a - a +0 rapier (weapon)
Armour
 b - a +0 scale mail (worn)
 c - a +0 buckler (worn)
Scrolls
 f - a scroll of immolation {unknown}
 g - a scroll of fog {unknown}
Potions
 d - a potion of might
 e - a potion of mutation {unknown}


   Skills:
 + Level 5.4 Fighting
 - Level 2.0 Short Blades
 - Level 4.0 Armour
 - Level 4.0 Shields


You had 3 spell levels left.
You didn't know any spells.
Your spell library was empty.

Dungeon Overview and Level Annotations

Branches:
Dungeon (2/15)

Altars:

Annotations:
D:4 Blork the orc


Message History

The iguana completely misses you. The iguana barely misses you.
You barely miss the iguana.
The iguana is severely wounded.
The iguana barely misses you.
You completely miss the iguana.
The iguana is severely wounded.
Blork the orc comes into view.
He is wielding a +0 trident and wearing a +2 robe of willpower.
The iguana closely misses you.
You hit the iguana but do no damage.
The iguana is severely wounded.
Blork the orc mumbles some strange words.
Blork the orc seems to speed up.
The iguana closely misses you.
You hit the iguana but do no damage.
The iguana is severely wounded.
The iguana bites you!
Blork the orc points at you and mumbles some strange words.
The puff of flame hits you!
* * * LOW HITPOINT WARNING * * *
You are too injured to fight recklessly!
You are too injured to fight recklessly!
You are too injured to fight recklessly!
You are too injured to fight recklessly!
You are too injured to fight recklessly!
You are too injured to fight recklessly!
You are too injured to fight recklessly!
You are too injured to fight recklessly!
You are too injured to fight recklessly!
You are too injured to fight recklessly!
You are too injured to fight recklessly!
You are too injured to fight recklessly!
You are too injured to fight recklessly!
You are too injured to fight recklessly!
You are too injured to fight recklessly!
You are too injured to fight recklessly!
You are too injured to fight recklessly!
Unknown command.
You hit the iguana.
The iguana is severely wounded.
The iguana bites you!
You die...

..................
#..............###
#..#.#.######..#
#..#.#.# #..#
##......######..######
.##....................#
..........#....#..####.#
#...l.....##.#.....#
#@).).o..†.###.#
###.####.#..# # #:#
#.#..# ..# #.....# ....
#.....# ####. #....#.#
.##...##.# .##..## ...#


You could see Blork the orc (fast) and an iguana.

Vanquished Creatures
  A howler monkey (D:4)
  A jelly (D:4)
  2 endoplasms (D:1)
  2 giant cockroaches
  4 goblins
  4 hobgoblins
  4 quokkas
  5 ball pythons
  A bat (D:1)
  A frilled lizard (D:1)
  4 kobolds
  6 rats
35 creatures vanquished.

Notes
Turn   | Place    | Note
-------+----------+-------------------------------------------
     0 | D:1      | safid the Hill Orc Fighter began the quest for the Orb.
     0 | D:1      | Reached XP level 1. HP: 19/19 MP: 1/1
   155 | D:1      | Reached XP level 2. HP: 26/27 MP: 2/2
   262 | D:1      | Reached skill level 4 in Fighting
   435 | D:1      | Reached XP level 3. HP: 13/33 MP: 3/3
   958 | D:2      | You fall into a shaft and drop 2 floors!
   978 | D:4      | Reached XP level 4. HP: 40/41 MP: 4/4
   985 | D:4      | Reached skill level 5 in Fighting
  1003 | D:4      | Noticed Blork the orc
  1006 | D:4      | Slain by an iguana

Illustrated notes

Levels and vault maps discovered:
D:1:      erik_arrival_orb_chamber, layout_basic
D:2:      layout_loops_cross, serial_glass, glass_columns_a, glass_columns_a,
          glass_columns_a, glass_columns_a, glass_columns_c, glass_columns_a,
          glass_columns_a, glass_columns_a, glass_columns_a, glass_columns_b,
          glass_columns_b, glass_columns_a, glass_columns_a, glass_columns_a,
          shapermc_ecumenical_altar_pompeii, minmay_tripent
D:4:      layout_loops_ring, minmay_manual_macuahuitl, uniq_blork_the_orc,
          uniq_grinder

Skill      XL: |  1  2  3  4 |
---------------+-------------+-----
Fighting       | 4 5 |  5.4
Armour         | 4 |  4.0
Shields        | 4 |  4.0
Short Blades   | |  2.0

Action                   |  1- 3 |  4- 6 || total
-------------------------+-------+-------++-------
Melee: Rapier            |    92 |    17 ||   109
Armor: Scale mail        |    34 |     5 ||    39
Dodge: Dodged            |    38 |     9 ||    47
Block: Buckler           |    18 |     1 ||    19
